 Dungeon Crawl Stone Soup version 0.30-a0-381-g6ea064c7b4 (webtiles) character file.

Game seed: 10227448796837268953

6024 funkygono the Thaumaturge (level 10, -5/67 HPs)
             Began as a Demonspawn Fire Elementalist on Dec 1, 2022.
             Was a Follower of Vehumet.
             Killed by divine providence
             ... invoked by a meliai
              (13 damage)
             ... on level 8 of the Dungeon.
             The game lasted 00:16:52 (10552 turns).

funkygono the Thaumaturge (DsFE)                   Turns: 10552, Time: 00:16:53

Health: -5/67      AC: 18    Str:  9    XL:     10   Next: 56%
Magic:  18/22      EV: 12    Int: 21    God:    Vehumet [*.....]
Gold:   537        SH:  5    Dex: 13    Spells: 12/26 levels left

rFire   . . .      SeeInvis +    r - +2 flail (vorpal)
rCold   . . .      Faith    .    (no shield)
rNeg    . . .      Spirit   .    E - +0 steam dragon scales
rPois   .          Reflect  +    (helmet restricted)
rElec   .          Harm     .    (no cloak)
rCorr   .          Rampage  .    w - +1 pair of gloves
Will    .....                    e - +1 pair of boots
Stlth   ++........               o - amulet of reflection
HPRegen 0.31/turn                u - ring of see invisible
MPRegen 0.18/turn                (no ring)

@: lethally poisoned (-5 -> -18), sanguine armoured
A: antennae 2, powered by death 1, sanguine armour 2, demonic magic 2
a: Renounce Religion


You were on level 8 of the Dungeon.
You worshipped Vehumet.
Vehumet was aware of your devotion.
You visited 2 branches of the dungeon, and saw 9 of its levels.

You collected 537 gold pieces.

Inventory:

Hand Weapons
 d - a +1 whip
 j - a +0 mace
 r - a +2 vorpal flail (weapon)
 B - a +4 morningstar
Armour
 e - a +1 pair of boots (worn)
 w - a +1 pair of gloves (worn)
 C - a +1 robe of positive energy
 E - +0 steam dragon scales (worn)
Jewellery
 o - an amulet of reflection (around neck)
 p - an amulet of the acrobat
 u - a ring of see invisible (left hand)
Wands
 v - a wand of flame (15)
 x - a wand of roots (23)
 z - a wand of digging (9)
 G - a wand of paralysis (5)
Scrolls
 f - 5 scrolls of teleportation
 m - a scroll of fear {unknown}
 q - 2 scrolls of amnesia
 y - 2 scrolls of magic mapping
 D - a scroll of identify
 F - 2 scrolls of butterflies
Potions
 a - a potion of brilliance
 b - 2 potions of lignification
 c - a potion of invisibility
 g - 8 potions of curing
 h - 2 potions of haste
 i - a potion of degeneration {unknown}
 k - 3 potions of attraction {unknown}
 n - a potion of berserk rage {unknown}
 s - 3 potions of flight
 t - 2 potions of heal wounds
 A - a potion of might {unknown}
 H - a potion of cancellation {unknown}
Miscellaneous
 l - a piece from Xom's chessboard (15/15)


   Skills:
 + Level 1.7 Fighting
 + Level 2.2 Dodging
 - Level 1.7 Stealth
 + Level 0.7 Shields
 + Level 8.9 Spellcasting
 + Level 7.7 Conjurations
 + Level 8.6 Fire Magic
 + Level 4.2 Earth Magic


You had 12 spell levels left.
You knew the following spells:

 Your Spells              Type           Power      Damage    Failure   Level
a - Foxfire               Conj/Fire      100%       2x1d9     1%          1
b - Scorch                Fire           90%        2d10      1%          2
c - Kindle Blastsparks    Fire/Tloc/Air  42%        2d13      7%          3
d - Flame Wave            Conj/Fire      43%        2d11      2%          4
e - Sandblast             Erth           54%        2d13      1%          1
f - Stone Arrow           Conj/Erth      68%        3d11      1%          3

Your spell library contained the following spells:

 Spells                   Type           Power      Damage    Failure   Level
 Shock                    Conj/Air       100%       1d9       1%          1
 Kiss of Death            Conj/Necr      100%       2d13      1%          1
 Inner Flame              Hex/Fire       27%        N/A       3%          3
 Passwall                 Tmut/Erth      15%        N/A       4%          2
 Confusing Touch          Hex            9%         N/A       22%         3
 Frozen Ramparts          Ice            18%        1d3       22%         3
 Dispel Undead            Necr           9%         3d8       58%         4
 Ice Form                 Ice/Tmut       9%         N/A       58%         4
 Summon Ice Beast         Ice/Summ       9%         N/A       58%         4
 Borgnjor's Vile Clutch   Necr/Erth      9%         N/A       65%         5
 Alistair's Intoxication  Tmut/Pois      6%         N/A       90%         5
 Eringya's Noxious Bog    Tmut/Pois      4%         N/A       100%        6
 Summon Cactus Giant      Summ           4%         N/A       100%        6


Dungeon Overview and Level Annotations

Branches:
Dungeon (8/15)             Temple (1/1) D:5
   Lair: D:8-11

Altars:
Ashenzari
Cheibriados
Dithmenos
Fedhas
Gozag
Hepliaklqana
Kikubaaqudgha
Makhleb
Nemelex Xobeh
Okawaru
Qazlal
Ru
Sif Muna
Trog
Uskayaw
Vehumet
Wu Jian
Xom
Yredelemnul

Shops:
D:5 =


Innate Abilities, Weirdness & Mutations

You have a pair of antennae on your head.
You regenerate a little health from kills.
When seriously injured, your blood forms thick armour. (AC +9)
Spells you cast may paralyse nearby enemies.


Message History

Okay, then.
You see here a +1 war axe of freezing.
Items here: )) [[ †.
You enter the shallow water.
Moving in this stuff is going to be slow.
A meliai comes into view. It is wielding a +0 vorpal hand axe.
Press: ? - help, . - travel You can't see that place.
Unknown command.
A meliai comes into view. It is wielding a +0 war axe.
A meliai comes into view. It is wielding a +0 hand axe.
The meliai buzzes angrily.
The meliai mumbles some strange prayers to its god against you.
Something smites you!
The meliai invokes the aid of its god against you.
Something smites you!
The meliai mumbles some strange prayers to its god against you.
Something smites you!
Your blood congeals into armour.
The meliai barely misses you. You block the meliai's attack.
You miss the meliai. You block the meliai's attack.
The meliai barely misses you. The meliai hits you but does no damage.
The meliai stings you.
The meliai calls down the wrath of its god upon you.
Something smites you! The meliai closely misses you. The meliai stings you!
* * * LOW HITPOINT WARNING * * *
You are lethally poisoned!
The meliai poisons you!
Casting: Stone Arrow (safe; 1% risk of failure)
Confirm with . or Enter, or press ? or * to list all spells.
Casting: Flame Wave (dangerous; 2% risk of failure)
Press: ? - help, Dir - look around, f - activate A wave of flame ripples out!
The flame wave engulfs the meliai!
The meliai is severely wounded. (Press . to intensify the flame waves.) Malevolent energies surge around you.
The meliai suddenly stops moving! x2
* * * LOW HITPOINT WARNING * * *
You feel very sick.
The meliai invokes the aid of its god against you.
Something smites you!
You die... ..#.......≈# #.....# .......###≈# #.+ ####### .......#.#≈# #.# #~≈~.....#≈# #.# #≈8~..####≈# #.# #≈~~......~# #.## ####......~# #yy

...#..####~#
#y# ...#..#{
#≈# #@#
...#..## #≈
#.# ...#....
#≈ #.#
...'.... #≈
#.# ...#####
#≈#####.#
~≈~~≈≈≈≈
#......#
########
#.###### #
#.# # #.#


You could see 3 meliai.

Vanquished Creatures
  A centaur warrior (D:8)
  Joseph (D:8)
  A slime creature (D:8)
  Sigmund (D:1)
  A wyvern (D:7)
  A vampire (D:8)
  A yak (D:8)
  2 steam dragons (D:8)
  Edmund (D:4)
  4 orc warriors
  3 water moccasins
  5 ice beasts
  3 sky beasts
  An ogre (D:5)
  2 centaurs
  2 phantoms
  2 kobold brigands (D:8)
  4 bullfrogs
  2 necrophages
  3 gnoll sergeants
  3 scorpions
  6 wights
  3 howler monkeys
  A hound (D:6)
  5 orc priests
  2 jellies
  A gnoll bouda (D:8)
  4 iguanas
  Natasha (thrice) (D:2)
  5 orc wizards
  Ijyb (D:3)
  8 gnolls
  8 adders
  A shadow imp (D:7)
  2 white imps (D:8)
  An ufetubus (D:7)
  2 dart slugs
  27 orcs
  6 bats
  8 endoplasms
  2 giant cockroaches
  5 goblins
  7 hobgoblins
  10 jackals
  10 kobolds
  4 quokkas
  9 ball pythons
  16 frilled lizards
  8 rats
  A spectral orc (D:6)
  2 butterflies (D:3)
212 creatures vanquished.

Vanquished Creatures (collateral kills)
  A foxfire (D:3)
1 creature vanquished.

Vanquished Creatures (others)
  554 foxfires
  45 plants
599 creatures vanquished.

Grand Total: 812 creatures vanquished

Notes
Turn   | Place    | Note
-------+----------+-------------------------------------------
     0 | D:1      | funkygono the Demonspawn Fire Elementalist began the quest
                  | for the Orb.
     0 | D:1      | Reached XP level 1. HP: 13/13 MP: 3/3
   288 | D:1      | Gained mutation: Spells you cast may paralyse adjacent
                  | enemies. [demonic ancestry]
   288 | D:1      | Reached XP level 2. HP: 16/19 MP: 1/5
   291 | D:1      | Learned a level 2 spell: Scorch
  1208 | D:1      | Gained mutation: You have a pair of small antennae on your
                  | head. [demonic ancestry]
  1208 | D:1      | Reached XP level 3. HP: 24/24 MP: 1/6
  1281 | D:1      | Learned a level 3 spell: Kindle Blastsparks
  1827 | D:2      | Found a faded altar of an unknown god.
  1890 | D:2      | Gained mutation: When seriously injured, your blood forms
                  | armour. (AC +9) [demonic ancestry]
  1890 | D:2      | Reached XP level 4. HP: 30/30 MP: 5/8
  1974 | D:2      | Noticed Natasha
  1980 | D:2      | Killed Natasha
  2032 | D:2      | Noticed Natasha
  2036 | D:2      | Killed Natasha
  2102 | D:2      | Noticed Natasha
  2115 | D:2      | Killed Natasha
  2116 | D:2      | Gained mutation: When seriously injured, your blood forms
                  | thick armour. (AC +9) [demonic ancestry]
  2116 | D:2      | Reached XP level 5. HP: 11/35 MP: 8/10
  2564 | D:2      | Noticed Sigmund
  2606 | D:1      | Killed Sigmund
  2607 | D:1      | Gained mutation: Spells you cast may paralyse nearby
                  | enemies. [demonic ancestry]
  2607 | D:1      | Reached XP level 6. HP: 18/42 MP: 0/12
  2612 | D:1      | Learned a level 4 spell: Flame Wave
  3239 | D:3      | Found a shimmering altar of Xom.
  3390 | D:3      | You fall into a shaft and drop 2 floors!
  3390 | D:5      | Entered Level 5 of the Dungeon
  3495 | D:5      | Reached XP level 7. HP: 47/47 MP: 7/14
  3611 | D:5      | Reached skill level 5 in Spellcasting
  3730 | D:5      | Reached skill level 5 in Fire Magic
  3931 | D:4      | Found a faded altar of an unknown god.
  4285 | D:3      | Learned a level 1 spell: Sandblast
  4289 | D:3      | Learned a level 3 spell: Stone Arrow
  4321 | D:3      | Noticed Ijyb
  4324 | D:3      | Killed Ijyb
  4828 | D:4      | Noticed Edmund
  4836 | D:4      | Killed Edmund
  4837 | D:4      | Gained mutation: You have a pair of antennae on your head.
                  | [demonic ancestry]
  4837 | D:4      | Reached XP level 8. HP: 53/53 MP: 6/16
  5248 | D:5      | Found Zasigih's Jewellery Shoppe.
  5523 | D:5      | Found a shimmering blue altar of Sif Muna.
  5575 | D:5      | Found a snail-covered altar of Cheibriados.
  5657 | D:5      | Found a stormy altar of Qazlal.
  5736 | D:5      | Reached skill level 1 in Earth Magic
  5777 | D:5      | Found a staircase to the Ecumenical Temple.
  5838 | Temple   | Entered the Ecumenical Temple
  5913 | Temple   | Became a worshipper of Vehumet
  6260 | D:6      | Reached skill level 5 in Conjurations
  6659 | D:6      | Gained mutation: You regenerate a little health from kills.
                  | [demonic ancestry]
  6659 | D:6      | Reached XP level 9. HP: 19/58 MP: 4/19
  7069 | D:6      | Found a basalt altar of Yredelemnul.
  7944 | D:7      | Reached skill level 1 in Fighting
  8212 | D:7      | Noticed a troll
  8233 | D:7      | Reached * piety under Vehumet
  8233 | D:7      | Offered knowledge of Shock by Vehumet.
  9461 | D:8      | Noticed Joseph
  9470 | D:8      | Killed Joseph
  9471 | D:8      | Reached XP level 10. HP: 38/66 MP: 9/22
 10215 | D:8      | Found an ancient bone altar of Kikubaaqudgha.
 10335 | D:8      | Noticed a centaur warrior
 10340 | D:8      | Killed a centaur warrior
 10552 | D:8      | Killed from afar by a meliai

Illustrated notes

Levels and vault maps discovered:
D:1:      dpeg_arrival_three_bigger_balls, layout_basic, minmay_tromino_i4
D:2:      layout_basic, chequers_ecumenical_altar_island, basic_altar,
          guppyfry_early_lair_pool, uniq_natasha, uniq_sigmund
D:3:      layout_loops_ring, xom_butterflies, serial_bayou,
          serial_bayou_shore_a, serial_bayou_lagoon_a, serial_bayou_pond_c,
          serial_bayou_pond_b, uniq_ijyb
D:4:      layout_cave_pools, serial_column_ruins, column_ruins_temple_circle,
          column_ruins_hut, column_ruins_open_tiny,
          column_ruins_corridor_dead_end, column_ruins_grid_2,
          column_ruins_columns_straight, column_ruins_corridor_corner,
          minivault_5, uniq_edmund
D:5:      layout_cave_pools, overflow_temple_1_default,
          kennysheep_orc_sif_temple, kennysheep_slug_shrine,
          minmay_temple_entry_junction, minmay_misc_feat_diagonals,
          minmay_shop_enchanted_jewellery, minmay_lizard_king
D:6:      layout_basic, yredelemnul_forgotten_temple_becter
D:7:      layout_rooms, hangedman_decor_riveting, lightli_corner_chamber
D:8:      cheibrodos_ideogram_h, layout_basic,
          mainiacjoe_overflow_six_doors_small, zin_angel, uniq_joseph
Temple:   regret_index_temple_waves

Skill      XL: |  1  2  3  4  5  6  7  8  9 10 |
---------------+-------------------------------+-----
Fire Magic     | 3 4 5 6 8 |  8.6
Conjurations   | 2 3 4 5 6 7 |  7.7
Spellcasting   | 3 4 5 7 8 |  8.9
Dodging        | 2 |  2.2
Earth Magic    | 2 3 4 |  4.2
Fighting       | 1 |  1.7
Stealth        | |  1.7
Shields        | |  0.7

Action                   |  1- 3 |  4- 6 |  7- 9 | 10-12 || total
-------------------------+-------+-------+-------+-------++-------
Melee: Unarmed           |    11 |       |       |       ||    11
       Whip              |     1 |     4 |     1 |       ||     6
       Flail             |       |       |     4 |     2 ||     6
 Cast: Foxfire           |    63 |    66 |   169 |    23 ||   321
       Scorch            |     6 |    16 |    36 |     9 ||    67
       Stone Arrow       |       |       |    43 |    21 ||    64
       Flame Wave        |       |       |     5 |     4 ||     9
  Use: Scroll            |     5 |     3 |     8 |       ||    16
       Potion            |       |     1 |       |       ||     1
 Stab: Paralysed         |     1 |     3 |     1 |       ||     5
Armor: Robe              |     3 |     2 |     5 |       ||    10
       Steam dragon scal |       |       |       |     5 ||     5
Dodge: Dodged            |    18 |     6 |    24 |     7 ||    55
Block: Other             |       |       |     8 |     5 ||    13
       Reflection        |       |       |     1 |       ||     1

Table legend: (Time is in decaauts)
 A = Elapsed time spent in this place.
 B = Non-inter-level travel time spent in this place.
 C = Inter-level travel time spent in this place.
 D = Time resting spent in this place.
 E = Time spent auto-exploring this place.
 F = Levels seen in this place.
 G = Mean time per level.
                   A        B        C        D        E       F      G
               +--------+--------+--------+--------+--------+-----+--------+
         Total |  10599 |  10369 |    230 |    631 |   8229 |   9 | 1177.7 |
       Dungeon |  10475 |  10273 |    202 |    631 |   8150 |   8 | 1309.4 |
        Temple |    124 |     97 |     27 |      0 |     78 |   1 |  124.0 |
               +--------+--------+--------+--------+--------+-----+--------+

Top non-repeatable levels by time:
     D:6: 1852 daAuts
     D:8: 1740 daAuts
     D:2: 1534 daAuts
     D:1: 1391 daAuts
     D:5: 1246 daAuts
     D:3: 1187 daAuts
     D:7: 885 daAuts
     D:4: 638 daAuts
  Temple: 124 daAuts
